 Dungeon Crawl Stone Soup version 0.25-a0-246-g58704a1ebd (webtiles) character file.

Game seed: 12519542836227148720, levelgen mode: deterministic

1586 MisterFreud the Nimble (level 8, -8/55 HPs)
             Began as an Octopode Artificer on Dec 3, 2019.
             Killed themself with a badly aimed fireball (10 damage)
             ... on level 7 of the Dungeon.
             The game lasted 00:13:47 (7379 turns).

MisterFreud the Nimble (Octopode Artificer)         Turns: 7379, Time: 00:13:49

Health: -8/55      AC:  1    Str: 11    XL:     8   Next: 92%
Magic:  10/10      EV: 17    Int: 16    God:
Gold:   420        SH:  0    Dex: 12    Spells: 7/7 levels left

rFire    . . .     SeeInvis +   h - +1 long sword
rCold    . . .     Gourm    .   (no shield)
rNeg     . . .     Faith    .   (helmet restricted)
rPois    .         Spirit   .   (no amulet)
rElec    .         Reflect  .   t - ring of see invisible
rCorr    +         Harm     .   w - ring of resist corrosion
MR       .....                  (no ring)
Stlth    +++.......             (no ring)
HPRegen  0.18/turn              (no ring)
MPRegen  0.12/turn              (no ring)
                                (no ring)
                                (no ring)

@: no status effects
A: almost no armour, stealthy swim, amphibious, 8 rings, constrict 8, camouflage
1, gelatinous body 1
a: no special abilities


You were on level 7 of the Dungeon.
You were not hungry.

You visited 1 branch of the dungeon, and saw 7 of its levels.

You collected 420 gold pieces.

Inventory:

Hand Weapons
 h - a +1 long sword (weapon)
Missiles
 a - 72 stones
 n - 2 atropa-tipped darts (quivered)
 o - 69 bolts
 s - 47 arrows
 v - 58 sling bullets
 B - 6 boomerangs
Jewellery
 t - a ring of see invisible (left tentacle)
 w - a ring of resist corrosion (right tentacle)
Wands
 b - a wand of flame (12)
 c - a wand of enslavement (14)
 d - a wand of random effects (11)
Scrolls
 e - 2 scrolls of immolation
 g - 2 scrolls of fog
 l - 3 scrolls of enchant armour
 p - 6 scrolls of teleportation
 y - 2 scrolls of remove curse
 A - 2 scrolls of amnesia
Potions
 i - a potion of resistance {unknown}
 j - a potion of flight
 k - 3 potions of berserk rage
 m - 2 potions of heal wounds
 q - 3 potions of brilliance
 r - 2 potions of haste {unknown}
 u - 2 potions of might
 x - a potion of cancellation {unknown}
 z - a potion of mutation {unknown}
 C - a potion of curing
Comestibles
 f - 14 rations


   Skills:
 + Level 5.1 Fighting
   Level 1.0(3.5) Short Blades
 + Level 5.4 Long Blades
 + Level 8.1 Dodging
 - Level 1.3 Stealth
 - Level 3.2 Evocations


You had 7 spell levels left.
You didn't know any spells.
Your spell library contained the following spells:

 Spells                   Type           Power        Failure   Level  Hunger
 Magic Dart               Conj           #...         26%         1    ##.....
 Summon Small Mammal      Summ           #...         26%         1    ##.....
 Call Imp                 Summ           #.......     36%         2    ###....
 Searing Ray              Conj           #.....       36%         2    ###....
 Call Canine Familiar     Summ           #.......     58%         3    ####...
 Dazzling Flash           Conj/Hex       #.....       58%         3    ####...
 Summon Guardian Golem    Hex/Summ       #.......     58%         3    ####...
 Fulminant Prism          Conj/Hex       #.........   94%         4    #####..
 Iskenderun's Mystic Bla  Conj/Tloc      #.......     94%         4    #####..
 Summon Ice Beast         Ice/Summ       #.......     94%         4    #####..
 Summon Lightning Spire   Summ/Air       #.......     94%         4    #####..


Dungeon Overview and Level Annotations

Branches:
Dungeon (7/15)
 Temple: D:4-7

Altars:
Ashenzari
Fedhas
Gozag
Makhleb
Qazlal

Shops:
D:4 (

Annotations:
D:3 2 transporters


Innate Abilities, Weirdness & Mutations

You cannot wear most types of armour.
You are very stealthy in the water. (Stealth+)
You are amphibious.
You can wear up to eight rings at the same time.
You can use your tentacles to constrict eight enemies at once.
Your skin changes colour to match your surroundings (Stealth+).
Your rubbery body absorbs attacks. (AC +1, EV +1)


Message History

The hippogriff is heavily wounded.
The hippogriff bites you! The hippogriff pecks you. The hippogriff misses you.
You are too injured to fight recklessly!
You are too injured to fight recklessly!
You hit the hippogriff.
The hippogriff is heavily wounded.
The hippogriff bites you!
* * * LOW HITPOINT WARNING * * *
The hippogriff pecks you!
* * * LOW HITPOINT WARNING * * *
The hippogriff claws you.
* * * LOW HITPOINT WARNING * * *
Evoke which item? (* to show all) (? for menu, Esc to quit)
Aiming: Random Effects
Press: ? - help, Shift-Dir - straight line, f - hippogriff
Aim: a hippogriff (heavily wounded)
The fireball explodes!
The fireball engulfs the hippogriff!
The hippogriff is almost dead.
The fireball engulfs you!
You die...

...###..#.# .#.<......#...
.....#...
.###..........##...........
.###....###..[............#.
.....##..##..................
#........#.......>............
####...............#..........#
# ..####.........?#..........#
# .## ##....H@.#...........# ..
#...##..............# . ..
#..... ###...........# ....
#....#. ###............ ...
#..###. #.........##.. .. ..
#..........<..# .
#####........## #....##...#
.......#...#


You could see a hippogriff.

Vanquished Creatures
  Pikel (D:6)
  A sky beast (D:6)
  2 phantoms
  An ogre (D:4)
  A bullfrog (D:7)
  A crimson imp (D:5)
  A bullfrog zombie (D:6)
  A jelly (D:6)
  A hound (D:6)
  2 orc priests
  5 orc wizards (D:6)
  An iguana (D:5)
  5 worker ants
  A killer bee zombie (D:5)
  A hound zombie (D:5)
  A hound skeleton (D:5)
  Robin (D:3)
  5 adders
  5 gnolls
  2 shadow imps
  3 oozes
  An adder skeleton (D:4)
  2 worms
  2 dart slugs
  4 leopard geckos
  9 orcs
  6 bats
  2 giant cockroaches (D:1)
  7 hobgoblins
  10 jackals
  2 quokkas
  3 ball pythons
  2 frilled lizards
  11 goblins
  4 kobolds
  A leopard gecko skeleton (D:5)
  5 rats
113 creatures vanquished.

Vanquished Creatures (collateral kills)
  2 orcs (D:4)
2 creatures vanquished.

Vanquished Creatures (others)
  A slave (D:6)
  A bullfrog (D:6)
  A centaur zombie (D:6)
  A killer bee zombie (D:6)
4 creatures vanquished.

Grand Total: 119 creatures vanquished

Notes
Turn   | Place    | Note
-------+----------+-------------------------------------------
     0 | D:1      | MisterFreud the Octopode Artificer began the quest for the
                  | Orb.
     0 | D:1      | Reached XP level 1. HP: 13/13 MP: 3/3
   269 | D:1      | Reached XP level 2. HP: 18/19 MP: 4/4
   523 | D:1      | Reached XP level 3. HP: 15/25 MP: 5/5
  1430 | D:2      | Reached XP level 4. HP: 32/32 MP: 6/6
  1495 | D:3      | Found a shattered altar of Ashenzari.
  1756 | D:3      | Reached skill level 1 in Long Blades
  2026 | D:2      | Found a blossoming altar of Fedhas.
  2277 | D:2      | Reached XP level 5. HP: 17/37 MP: 7/7
  2279 | D:2      | HP: 1/37 [hobgoblin/+0 club (2)]
  2493 | D:2      | Found a stormy altar of Qazlal.
  2840 | D:3      | Found a transporter.
  2842 | D:3      | Found a transporter.
  2842 | D:3      | Noticed a wyvern
  2842 | D:3      | Noticed an ogre
  2856 | D:3      | Found an opulent altar of Gozag.
  2857 | D:3      | Found a burning altar of Makhleb.
  3074 | D:3      | Noticed Robin
  3092 | D:3      | Killed Robin
  3407 | D:3      | Found a faded altar of an unknown god.
  3914 | D:4      | Noticed an ogre
  4153 | D:4      | Killed an ogre
  4153 | D:4      | Reached XP level 6. HP: 28/43 MP: 8/8
  4410 | D:4      | Reached skill level 3 in Dodging
  4588 | D:4      | Found Bouv's Antique Weapon Emporium.
  4900 | D:5      | Entered Level 5 of the Dungeon
  4999 | D:5      | Reached XP level 7. HP: 44/48 MP: 9/9
  5002 | D:5      | Reached skill level 4 in Dodging
  5365 | D:4      | Reached skill level 5 in Dodging
  5851 | D:6      | Noticed Pikel
  5869 | D:6      | Killed Pikel
  5869 | D:6      | Reached skill level 7 in Dodging
  5869 | D:6      | Reached XP level 8. HP: 17/54 MP: 10/10
  7072 | D:6      | Reached skill level 5 in Long Blades
  7142 | D:6      | Reached skill level 8 in Dodging
  7210 | D:6      | Reached skill level 5 in Fighting
  7366 | D:7      | Noticed a hippogriff
  7376 | D:7      | HP: 2/55 [hippogriff (1)]
  7379 | D:7      | Killed themself with a badly aimed fireball

Levels and vault maps discovered:
D:1:      saegor_arrival_under_anarchy, layout_loops_ring, nrook_campfire
D:2:      layout_rooms, grunt_temple_overflow_forces_of_nature
D:3:      layout_basic, evilmike_ruin_ashenzari,
          gammafunk_temple_overflow_arena, chequers_ecumenical_altar_grove,
          minmay_distorted, uniq_robin
D:4:      layout_loops_ring, serial_shops, nicolae_shop_overgrown_old_shop,
          patterned_corridor
D:5:      layout_gridville, first_ration, kennysheep_generic_room_8
D:6:      kennysheep_spiral_hall, layout_basic,
          minmay_a_box_with_orc_wizards_in_it, uniq_pikel
D:7:      layout_cave_pools, gammafunk_temple_overflow_claw,
          minmay_temple_entry_butterflies, hangedman_decor_opposing, minmay_bent

Skill      XL: |  1  2  3  4  5  6  7  8 |
---------------+-------------------------+-----
Fighting       | 2 3 4 5 |  5.1
Long Blades    | 2 4 5 |  5.4
Dodging        | 3 7 8 |  8.1
Short Blades   | |  1.0
Stealth        | |  1.3
Evocations     | |  3.2

Action                   |  1- 3 |  4- 6 |  7- 9 || total
-------------------------+-------+-------+-------++-------
Melee: Short sword       |    68 |       |       ||    68
       Constrict         |    17 |    40 |    19 ||    76
       Tentacles         |     9 |    27 |    25 ||    61
       Long sword        |     5 |   124 |   124 ||   253
Evoke: Wand              |       |     2 |     6 ||     8
  Use: Scroll            |     6 |     6 |     6 ||    18
       Potion            |       |     1 |     2 ||     3
 Stab: Sleeping          |     5 |     5 |     4 ||    14
       Invisible         |       |       |     1 ||     1
  Eat: Chunk             |     2 |     7 |     5 ||    14
       Ration            |       |     1 |     1 ||     2
Armor: Skin              |     5 |     8 |     2 ||    15
Dodge: Dodged            |    50 |    86 |   101 ||   237
       Rpst.: Long sword |       |    25 |    35 ||    60

Table legend:
 A = Non-vault XP
 B = Vault XP
 C = Vault XP percentage of total XP
 D = Non-vault monster count
 E = Vault monster count
 F = Vault count percentage of total count
                 A         B        C        D         E       F
            +---------+---------+-------+---------+---------+-------
      Total |    1180 |    1086 |  47.9 |      88 |      27 |  23.5
            +---------+---------+-------+---------+---------+-------
        D:1 |      46 |       0 |   0.0 |      18 |       0 |   0.0
        D:2 |     118 |       0 |   0.0 |      23 |       0 |   0.0
        D:3 |      65 |      45 |  40.9 |      17 |      15 |  46.9
        D:4 |     405 |       0 |   0.0 |      13 |       0 |   0.0
        D:5 |     152 |      23 |  13.1 |       8 |       1 |  11.1
        D:6 |     394 |     934 |  70.3 |       9 |      10 |  52.6
        D:7 |       0 |      84 | 100.0 |       0 |       1 | 100.0
            +---------+---------+-------+---------+---------+-------
